 Dungeon Crawl Stone Soup version 0.27.0-1-g7a089689b8 (webtiles) character file.

Game seed: 6842396204139611182

132 SkeletonJelly the Slasher (level 4, -2/38 HPs)
             Began as a Draconian Monk on Aug 9, 2021.
             Was an Elder of Elyvilon.
             Slain by a lemure (4 damage)
             ... led by Pikel
             ... on level 4 of the Dungeon.
             The game lasted 00:06:10 (2915 turns).

SkeletonJelly the Slasher (Draconian Monk)          Turns: 2915, Time: 00:06:11

Health: -2/38      AC:  5    Str: 14    XL:     4   Next: 92%
Magic:  5/5        EV: 12    Int: 10    God:    Elyvilon [****..]
Gold:   102        SH:  0    Dex: 14    Spells: 3/3 levels left

rFire    . . .     SeeInvis .   a - +0 falchion
rCold    . . .     Faith    .   (no shield)
rNeg     + . .     Spirit   .   (armour unavailable)
rPois    .         Reflect  .   (helmet restricted)
rElec    .         Harm     .   (no cloak)
rCorr    .         Rampage  .   (no gloves)
Will     .....                  (no boots)
Stlth    ++........             (no amulet)
HPRegen  0.12/turn              i - ring of positive energy
MPRegen  0.09/turn              (no ring)

@: no status effects
A: AC +5, unfitting armour, cold-blooded
a: Renounce Religion, Lesser Healing, Heal Other, Purification, Greater Healing,
Divine Protection


You were on level 4 of the Dungeon.
You worshipped Elyvilon.
Elyvilon was greatly pleased with you.
You visited 1 branch of the dungeon, and saw 4 of its levels.

You collected 102 gold pieces.

Inventory:

Hand Weapons
 a - a +0 falchion (weapon)
Missiles
 d - 2 javelins
 m - 6 poisoned darts (quivered)
Armour
 g - a +0 kite shield
Jewellery
 i - a ring of positive energy (left hand)
Scrolls
 b - 4 scrolls of teleportation {unknown}
 e - a scroll of enchant weapon {unknown}
 h - a scroll of identify
 j - a scroll of blinking {unknown}
 n - a scroll of noise {unknown}
 o - a scroll of acquirement {unknown}
 p - a scroll of enchant armour {unknown}
Potions
 c - 2 potions of curing {unknown}
 k - 2 potions of attraction {unknown}
 l - 2 potions of might


   Skills:
 - Level 3.2 Fighting
 * Level 5.2 Long Blades
 - Level 2.6 Dodging
 - Level 1.7 Stealth
 - Level 2.0 Invocations


You had 3 spell levels left.
You didn't know any spells.
Your spell library was empty.

Dungeon Overview and Level Annotations

Branches:
Dungeon (4/15)
 Temple: D:4-7

Altars:
Elyvilon
Ru

Annotations:
D:4 Pikel


Innate Abilities, Weirdness & Mutations

Your plain brown scales are hard. (AC +5)
You cannot fit into any form of body armour.
You are cold-blooded and may be slowed by cold attacks.


Message History

The poisoned dart hits the lemure.
The lemure is poisoned.
Throw: 11 darts (poison)
Press: ? - help, Q - select action, (/) - cycle Shift-Dir - straight line, f/p - lemure
Aim: a lemure (51% to hit)
You throw a poisoned dart. The poisoned dart hits the lemure.
Throw: 10 darts (poison)
Press: ? - help, Q - select action, (/) - cycle Shift-Dir - straight line, f/p - lemure
Aim: a lemure (51% to hit)
You throw a poisoned dart. The poisoned dart hits the lemure.
The lemure is poisoned.
Throw: 9 darts (poison)
Press: ? - help, Q - select action, (/) - cycle Shift-Dir - straight line, f/p - lemure
Aim: a lemure (poisoned, 51% to hit)
You throw a poisoned dart.
The poisoned dart closely misses the lemure.
The poisoned dart hits the lemure.
The lemure is lightly wounded.
Throw: 8 darts (poison)
Press: ? - help, Q - select action, (/) - cycle Shift-Dir - straight line, f/p - lemure
Aim: a lemure (poisoned, 51% to hit)
You throw a poisoned dart. The poisoned dart hits the lemure.
The lemure looks even sicker.
The lemure hits you.
Okay, then.
You hit the lemure.
The lemure is lightly wounded.
The lemure closely misses you.
You riposte.
You hit the lemure.
The lemure is moderately wounded.
You hear a zap.
You hear a grinding noise.
You hit the lemure.
The lemure is moderately wounded.
The lemure hits you but does no damage.
You slash the lemure!
The lemure is severely wounded.
The lemure looks more healthy.
The lemure closely misses you.
You closely miss the lemure.
The lemure is severely wounded.
The lemure closely misses you.
You riposte.
You closely miss the lemure.
Your tail-slap misses the lemure.
The lemure is severely wounded.
The lemure barely misses you.
You riposte.
You miss the lemure.
The lemure is severely wounded.
You completely miss the lemure.
The lemure is severely wounded.
Pikel zaps a wand.
Some rock shatters into small pieces.
The now-empty wand crumbles to dust.
The lemure barely misses you.
You hit the lemure.
The lemure is almost dead.
A lemure comes into view.
The lemure hits you.
You kill the lemure!
That felt strangely unrewarding.
Press: ? - help, Dir - move target, f - Pikel Heal: Pikel, wielding a +1 whip of electrocution and wearing a +0 robe (uninterested)
You closely miss the lemure.
The lemure is lightly wounded.
The lemure hits you!
You closely miss the lemure.
Your tail-slap misses the lemure.
The lemure is lightly wounded.
The lemure hits you.
You aren't carrying any items that you can evoke.
Unknown command.
Unknown command.
Unknown command.
Throw: 7 darts (poison)
Press: ? - help, Q - select action, (/) - cycle Shift-Dir - straight line, f - Pikel
Aim: Pikel, wielding a +1 whip of electrocution and wearing a +0 robe (51% to hit)
You throw a poisoned dart. The poisoned dart closely misses Pikel.
The poisoned dart hits the lemure.
The lemure is poisoned.
Okay, then.
Unknown command.
Unknown command.
Press: ? - help, v - describe, . - travel
Here: Pikel, wielding a +1 whip of electrocution and wearing a +0 robe The floor.
Unknown command.
Unknown command.
The lemure looks more healthy.
You see here 27 bolts.
A worm comes into view.
Pikel closely misses you.
You riposte.
You barely miss Pikel. The worm bites you!
Pikel says, "You'll feel the lick of my whip!"
The lemure misses you.
You riposte.
You closely miss the lemure.
Unknown command.
Unknown command.
As you read the scroll labelled SEYS PILER, it crumbles to dust.
It is a scroll of identify.
l - 2 potions of might Pikel hits you but does no damage.
You are electrocuted!!
* * * LOW HITPOINT WARNING * * *
Okay, then.
Unknown command.
Unknown command.
Unknown command.
As you read the scroll labelled XUIRCH KISSAOQ, it crumbles to dust.
You feel aware of your surroundings.
It was a scroll of magic mapping.
The lemure hits you.
You die...

#.# ##.#...#.##,,',,,,,,, #5#
##.8.8.8.8.##**,,,,,,,
#.###)..........#,***,**,*
#(..+...........+,***,**,*
########..##...........#,,,>,**,*
5.5....#..###.8.8.8.8.##,******,*
######5#.÷#.##.#5..#.##,,,,,,,,,*
#5#..#<.##5K...##**,,****,,*
#.#..#...##@..##* **,* *,,*
###.#.......#.'##,* *,** *,,*
#.≈.#...........#,* *,,* *,,*
#♣..#...(.((.(..#,* **,* *,,*
#.P≈.########.###.# *,* *,,*
#P≈P..5.5.........# *,***,,*
#♣≈♣#########.#####****,,**,,,
### *,,....,,,,,,,,,***,*
**,*#####******,,* *,*


You could see Pikel and 2 lemures.

Vanquished Creatures
  A lemure (D:4)
  A hound (D:3)
  5 adders
  2 dart slugs (D:3)
  An orc (D:3)
  4 bats
  5 endoplasms
  9 goblins
  8 hobgoblins
  7 ball pythons (D:1)
  3 frilled lizards (D:1)
  6 rats
52 creatures vanquished.

Notes
Turn   | Place    | Note
-------+----------+-------------------------------------------
     0 | D:1      | SkeletonJelly the Draconian Monk began the quest for the
                  | Orb.
     0 | D:1      | Reached XP level 1. HP: 19/19 MP: 1/1
    61 | D:1      | Found a faded altar of an unknown god.
   310 | D:1      | Became a worshipper of Elyvilon the Healer
   310 | D:1      | Reached * piety under Elyvilon
   310 | D:1      | Reached ** piety under Elyvilon
   358 | D:1      | Reached XP level 2. HP: 26/26 MP: 2/2
   372 | D:1      | Reached *** piety under Elyvilon
   595 | D:1      | Reached skill level 4 in Long Blades
   689 | D:1      | Reached XP level 3. HP: 21/31 MP: 3/3
  1066 | D:2      | Reached skill level 1 in Invocations
  1395 | D:2      | Reached **** piety under Elyvilon
  1827 | D:3      | Reached XP level 4. HP: 12/38 MP: 5/5
  2113 | D:3      | Reached skill level 5 in Long Blades
  2466 | D:3      | Found a sacrificial altar of Ru.
  2788 | D:4      | Noticed a lemure
  2788 | D:4      | Noticed a lemure
  2788 | D:4      | Noticed Pikel
  2793 | D:4      | Noticed a lemure
  2819 | D:4      | Noticed a lemure
  2820 | D:4      | Killed a lemure
  2915 | D:4      | Slain by a lemure

Illustrated notes

Levels and vault maps discovered:
D:1:      sevenhm_arrival_forest_fort_small_5, layout_basic,
          ebering_ecumenical_altar_mist
D:2:      layout_basic
D:3:      layout_rooms, mainiacjoe_overflow_alcove_4
D:4:      layout_basic, serial_bayou_pond_e, dk_noncrumbling_3, hex_large,
          uniq_pikel

Skill      XL: |  1  2  3  4 |
---------------+-------------+-----
Long Blades    | 4 5 |  5.2
Invocations    | 1 2 |  2.0
Fighting       | |  3.2
Dodging        | |  2.6
Stealth        | |  1.7

Action                   |  1- 3 |  4- 6 || total
-------------------------+-------+-------++-------
Melee: Falchion          |    95 |    38 ||   133
       Tailslap          |    14 |     6 ||    20
Throw: Dart              |     3 |    11 ||    14
       Javelin           |     2 |       ||     2
Invok: Lesser Healing    |     1 |       ||     1
  Use: Scroll            |       |     2 ||     2
 Stab: Sleeping          |     4 |       ||     4
Armor: Skin              |    44 |     8 ||    52
Dodge: Dodged            |    76 |    19 ||    95
       Rpst.: Falchion   |    21 |     9 ||    30
